 Dungeon Crawl Stone Soup version 0.30-a0-800-g7c544603b3 (webtiles) character file.

Game seed: 13064642598240326101

6005 Dittersdorf the Fighter (level 10, -7/66 HPs)
             Began as a Gargoyle Fighter on Feb 21, 2023.
             Was an Elder of Okawaru.
             Mangled by an orc warrior
             ... wielding a +0 dire flail
              (8 damage)
             ... on level 9 of the Dungeon.
             The game lasted 00:18:23 (7379 turns).

Dittersdorf the Fighter (Gargoyle Fighter)          Turns: 7379, Time: 00:18:23

Health: -7/66      AC: 18    Str: 29    XL:     10   Next: 85%
Magic:  9/10       EV:  8    Int: 10    God:    Okawaru [****..]
Gold:   808        SH:  6    Dex:  9    Spells: 9/9 levels left

rFire   . . .      SeeInvis .    p - +1 flail (heavy)
rCold   . . .      Faith    .    c - +0 buckler
rNeg    + + .      Spirit   .    v - +0 chain mail
rPois   ∞          Reflect  .    (no helmet)
rElec   +          Harm     .    (no cloak)
rCorr   .          Rampage  .    (no gloves)
Will    .....                    (no boots) Stlth
                                 e - amulet of regeneration
HPRegen 1.11/turn                h - ring of positive energy
MPRegen 0.12/turn                o - +6 ring of strength

@: no status effects
A: sickness immunity, AC +7, negative energy resistance 1, electricity
resistance, torment resistance 1, petrification resistance
a: Renounce Religion, Heroism, Finesse


You were on level 9 of the Dungeon.
You worshipped Okawaru.
Okawaru was greatly pleased with you.
You visited 2 branches of the dungeon, and saw 10 of its levels.
You also visited: Sewer and Ossuary.

You collected 808 gold pieces.

Inventory:

Hand Weapons
 p - a +1 heavy flail (weapon)
 A - a +0 morningstar
Missiles
 x - a curare-tipped dart (quivered)
 D - a throwing net
Armour
 c - a +0 buckler (worn)
 v - a +0 chain mail (worn)
Jewellery
 e - an amulet of regeneration (around neck)
 h - a ring of positive energy (left hand)
 o - a +6 ring of strength (right hand)
Wands
 j - a wand of flame (15)
 m - a wand of roots (11)
 B - a wand of digging (3)
Scrolls
 a - a scroll of poison {unknown}
 g - a scroll of fog {unknown}
 i - 2 scrolls of enchant armour {unknown}
 q - a scroll of immolation {unknown}
 s - a scroll of acquirement {unknown}
 u - 2 scrolls of teleportation {unknown}
 y - a scroll of magic mapping
 C - a scroll of silence
Potions
 b - 3 potions of haste
 d - 4 potions of might
 f - 3 potions of heal wounds
 k - 3 potions of cancellation
 l - 4 potions of flight
 n - 2 potions of curing
 r - 5 potions of magic
 t - 3 potions of brilliance
 w - 3 potions of mutation
 z - a potion of resistance


   Skills:
 + Level 9.4 Fighting
 + Level 8.3 Maces & Flails
 + Level 9.4 Armour
 + Level 9.4 Shields


You had 9 spell levels left.
You didn't know any spells.
Your spell library contained the following spells:

 Spells                   Type           Power      Damage    Failure   Level
 Freeze                   Ice            0%         1d3       89%         1
 Blink                    Tloc           0%         N/A       96%         2
 Lesser Beckoning         Tloc           0%         N/A       96%         2
 Momentum Strike          Conj/Tloc      0%         3d8       96%         2
 Poisonous Vapours        Pois/Air       0%         N/A       96%         2
 Frozen Ramparts          Ice            0%         1d1       99%         3
 Hailstorm                Conj/Ice       0%         3d3       99%         3
 Inner Flame              Hex/Fire       0%         N/A       99%         3
 Mephitic Cloud           Conj/Pois/Air  0%         N/A       99%         3
 Cause Fear               Hex            0%         N/A       100%        4
 Freezing Cloud           Conj/Ice/Air   0%         6-21      100%        5
 Discord                  Hex            0%         N/A       100%        8
 Polar Vortex             Ice            0%         N/A       100%        9
 Cigotuvi's Dreadful Rot  Necr/Pois/Air  Unusable   N/A       N/A         2
 Simulacrum               Ice/Necr       Unusable   N/A       N/A         6

Dungeon Overview and Level Annotations

Branches:
Dungeon (9/15)             Temple (1/1) D:4           Sewer (visited)
Ossuary (visited)
   Lair: D:8-11         Orc: D:9-12

Altars:
Cheibriados
Dithmenos
Fedhas
Gozag
Hepliaklqana
Kikubaaqudgha
Okawaru
Qazlal
Ru
Sif Muna
Trog
Uskayaw
Vehumet
Wu Jian
Zin
The Shining One

Shops:
D:4 (   D:7 (   D:8 (

Annotations:
D:3 2 transporters


Innate Abilities, Weirdness & Mutations

You are immune to sickness and miasma.
Your stone body is resilient. (AC +7)
You are immune to poison.
You resist negative energy. (rN+)
You are resistant to electric shocks. (rElec)
You are resistant to unholy torment.
You are immune to petrification.


Message History

You gain the combat prowess of a mighty hero.
The wight hits you from afar with a +4 halberd of freezing.
The wight freezes you.
The orc priest mumbles some strange prayers to Beogh against you.
Beogh smites you! The wight closely misses you.
Things that are here:
a +0 shortbow; a +0 mace; a killer bee corpse You bludgeon the wight!!
You destroy the wight!
Okawaru accepts your kill.
You barely miss the wight. The wight closely misses you.
You hit the wight but do no damage. You block the wight's attack.
You completely miss the wight. The wight hits you but does no damage.
You bludgeon the wight!!
You destroy the wight!
Okawaru accepts your kill.
You hit the wight but do no damage. The wight barely misses you.
You bludgeon the wight!!
You destroy the wight!
Okawaru accepts your kill.
You barely miss the orc warrior.
You feel like a meek peon again.
The orc warrior hits you with a +0 dire flail!
You closely miss the orc warrior.
The orc warrior hits you with a +0 dire flail!
* * * LOW HITPOINT WARNING * * *
The orc warrior closely misses you.
You barely miss the orc warrior.
The orc warrior hits you with a +0 dire flail.
* * * LOW HITPOINT WARNING * * *
You barely miss the orc warrior.
The orc warrior hits you with a +0 dire flail.
* * * LOW HITPOINT WARNING * * *
The orc wizard casts a spell.
The orc wizard flickers and vanishes!
The orc priest invokes the aid of Beogh against you.
Beogh smites you!
* * * LOW HITPOINT WARNING * * *
The orc warrior hits you with a +0 dire flail!
You die...

##.....# #... ##......#
#... # #.......# #... ..
........# #... ...
#.....#########... ....
######...#...##... ....o
##.........####
....{z####..............
.....oo@).............##
.....o####..............
..... ##..........###
.... #.............# ...
#.....######..<# ..
......# #.... . .#####
#.... .......# ....#...#


You could see an orc warrior, a wight, an orc priest, an orc wizard and an orc.

Vanquished Creatures
  Maggie (D:7)
  Prince Ribbit (D:6)
  Grinder (D:2)
  2 wyverns
  5 humans (D:7)
  2 steam dragons
  Edmund (D:4)
  3 water moccasins
  Duvessa (D:4)
  A black bear (D:6)
  2 ice beasts (D:5)
  A sky beast (D:7)
  2 centaurs
  3 kobold brigands (Sewer)
  An elf zombie (Ossuary)
  A bullfrog (D:7)
  3 scorpions
  19 wights
  Dowan (D:4)
  4 killer bees (D:9)
  An electric eel (D:8)
  6 howler monkeys
  2 hounds
  2 centaur zombies (Ossuary)
  A jelly (D:8)
  7 orc priests
  A human zombie (Ossuary)
  Ijyb (D:5)
  7 orc wizards
  Terence (D:2)
  2 mummies (Ossuary)
  12 adders
  4 gnolls
  5 river rats (Sewer)
  A shadow imp (D:6)
  A white imp (D:6)
  4 worms
  2 dart slugs
  29 orcs
  10 endoplasms
  4 giant cockroaches
  4 goblins
  5 hobgoblins
  11 jackals (D:1)
  24 kobolds
  A quokka (D:1)
  3 training dummies (D:8)
  9 ball pythons
  9 bats
  10 frilled lizards
  4 gnoll zombies (Ossuary)
  A goblin zombie (Ossuary)
  2 hobgoblin zombies (Ossuary)
  3 orc zombies (Ossuary)
  19 rats
  4 bushes (D:4)
267 creatures vanquished.

Vanquished Creatures (others)
  An orc wizard (D:8)
1 creature vanquished.

Grand Total: 268 creatures vanquished

Notes
Turn   | Place    | Note
-------+----------+-------------------------------------------
     0 | D:1      | Dittersdorf the Gargoyle Fighter began the quest for the
                  | Orb.
     0 | D:1      | Reached XP level 1. HP: 14/14 MP: 1/1
    49 | D:1      | Reached XP level 2. HP: 19/19 MP: 2/2
   252 | D:1      | Reached XP level 3. HP: 23/23 MP: 3/3
   832 | D:2      | Noticed Terence
   914 | D:1      | Reached XP level 4. HP: 24/29 MP: 4/4
   949 | D:2      | Killed Terence
  1181 | D:2      | Found a faded altar of an unknown god.
  1419 | D:2      | Reached XP level 5. HP: 13/34 MP: 5/5
  1566 | D:3      | Noticed Grinder
  1600 | D:2      | Paralysed by Grinder for 4 turns
  1608 | D:2      | Killed Grinder
  1609 | D:2      | Reached XP level 6. HP: 13/40 MP: 6/6
  1769 | D:3      | Found a transporter.
  1845 | D:3      | Found a blossoming altar of Fedhas.
  1946 | D:3      | Reached skill level 5 in Fighting
  1965 | D:3      | Found a transporter.
  2180 | D:3      | Found a shadowy altar of Dithmenos.
  2323 | D:4      | Found a sand-covered staircase.
  2328 | Ossuary  | Entered an ossuary
  2505 | Ossuary  | Reached skill level 5 in Armour
  2505 | Ossuary  | Reached skill level 5 in Shields
  2549 | Ossuary  | Reached XP level 7. HP: 39/44 MP: 7/7
  3192 | D:4      | Found a staircase to the Ecumenical Temple.
  3204 | Temple   | Entered the Ecumenical Temple
  3228 | Temple   | Became a worshipper of Warmaster Okawaru
  3537 | D:4      | Found a sacrificial altar of Ru.
  3586 | D:4      | Noticed Dowan
  3586 | D:4      | Noticed Duvessa
  3608 | D:4      | Killed Duvessa
  3626 | D:4      | Killed Dowan
  3755 | D:4      | Noticed Edmund
  3786 | D:4      | Killed Edmund
  3787 | D:4      | Reached XP level 8. HP: 42/51 MP: 8/8
  3799 | D:4      | Found a stormy altar of Qazlal.
  3890 | D:4      | Found Beyx's Weapon Boutique.
  4085 | D:5      | Entered Level 5 of the Dungeon
  4111 | D:5      | Noticed Ijyb
  4123 | D:5      | Killed Ijyb
  4238 | D:5      | Reached skill level 5 in Maces & Flails
  4408 | D:5      | Reached * piety under Okawaru
  4568 | D:5      | Found a glowing golden altar of the Shining One.
  4601 | D:5      | Noticed a wraith
  4933 | D:6      | Noticed Prince Ribbit
  4972 | D:6      | Killed Prince Ribbit
  4972 | D:6      | Reached ** piety under Okawaru
  4973 | D:6      | Reached XP level 9. HP: 57/57 MP: 9/9
  5017 | D:6      | Found a glowing drain.
  5027 | Sewer    | Entered a sewer
  5892 | D:7      | Reached *** piety under Okawaru
  5929 | D:7      | Reached XP level 10. HP: 32/64 MP: 10/10
  6021 | D:7      | Noticed Maggie
  6025 | D:7      | Identified the +2 chain mail of the Merchant {rN+ Int+8
                  | SInv}
  6039 | D:7      | Killed Maggie
  6125 | D:7      | Found a hazy altar of Hepliaklqana.
  6196 | D:7      | Found Usmig's Weapon Boutique.
  6251 | D:7      | Reached **** piety under Okawaru
  6398 | D:8      | Received a gift from Okawaru
  6748 | D:8      | Found Vukeej's Firing Range.
  7379 | D:9      | HP: 1/66 [orc priest/divine providence (11)]
  7379 | D:9      | Mangled by an orc warrior

Illustrated notes

Levels and vault maps discovered:
D:1:      lemuel_arrival_behind_the_door_small, layout_loops_ring, st_stairs_2,
          eino_curves_01, minmay_octomino_c4
D:2:      layout_rooms, dreamdust_ecumenical_altar_hidden_monk_grotto,
          uniq_terence
D:3:      gammafunk_wand_slinger, layout_rooms,
          mainiacjoe_overflow_six_doors_small, nicolae_overflow_crystal_walls,
          uniq_grinder
D:4:      layout_loops_corners, nicolae_qazlal_general_emergency,
          nicolae_ru_awakened_eye, minmay_temple_entry_ruins, enter_ossuary_2,
          serial_forest, infiniplex_forest_lined_2,
          infiniplex_forest_lined_room_2, infiniplex_forest_3_way,
          infiniplex_forest_join, serial_shops, kennysheep_mini_moat,
          uniq_edmund, uniq_duvessa
D:5:      minmay_clustersquares, layout_loops_ring, tso_oasis_becter,
          hangedman_decor_opposing, kennysheep_doodads, dk_vineyard_3,
          minmay_misc_feat_x, uniq_ijyb
D:6:      layout_cave_pools, cheibrodos_sewer_entry_bend, uniq_prince_ribbit1
D:7:      layout_rooms, lemuel_crystal_altar, serial_shops,
          nicolae_shop_hallway_plus, minmay_ruffians, uniq_maggie
D:8:      layout_rooms, kennysheep_flooded_box, nicolae_shop_firing_range
D:9:      layout_rooms
Temple:   nicolae_temple_bog_church

Skill      XL: |  1  2  3  4  5  6  7  8  9 10 |
---------------+-------------------------------+-----
Fighting       | 4 5 7 8 9 |  9.4
Armour         | 4 5 7 8 9 |  9.4
Shields        | 4 5 7 8 9 |  9.4
Maces & Flails | 3 4 5 7 8 |  8.3

Action                     |  1- 3 |  4- 6 |  7- 9 | 10-12 || total
---------------------------+-------+-------+-------+-------++-------
  Melee: Flail             |   119 |   153 |   650 |   179 ||  1101
  Throw: Dart              |       |    16 |    28 |     5 ||    49
 Invoke: Heroism           |       |       |       |     2 ||     2
  Evoke: Wand              |       |       |       |     4 ||     4
    Use: Scroll            |       |    13 |     2 |     3 ||    18
         Potion            |       |       |     3 |       ||     3
 Armour: Scale mail        |    94 |    66 |       |       ||   160
         Chain mail        |       |    31 |   588 |   146 ||   765
  Dodge: Dodged            |    88 |    77 |   334 |    80 ||   579
  Block: Buckler           |    36 |    27 |   224 |    71 ||   358

Table legend: (Time is in decaauts)
 A = Elapsed time spent in this place.
 B = Non-inter-level travel time spent in this place.
 C = Inter-level travel time spent in this place.
 D = Time resting spent in this place.
 E = Time spent auto-exploring this place.
 F = Levels seen in this place.
 G = Mean time per level.
                   A        B        C        D        E       F      G
               +--------+--------+--------+--------+--------+-----+--------+
         Total |   7887 |   7657 |    230 |    774 |   3926 |  12 |  657.2 |
       Dungeon |   6678 |   6471 |    207 |    464 |   3560 |   9 |  742.0 |
        Temple |     48 |     25 |     23 |      0 |      9 |   1 |   48.0 |
         Sewer |    574 |    574 |      0 |      0 |    299 |   1 |  574.0 |
       Ossuary |    585 |    585 |      0 |    310 |     58 |   1 |  585.0 |
               +--------+--------+--------+--------+--------+-----+--------+

Top non-repeatable levels by time:
     D:4: 1235 daAuts
     D:1: 900 daAuts
     D:7: 843 daAuts
     D:2: 824 daAuts
     D:6: 758 daAuts
     D:8: 701 daAuts
     D:3: 648 daAuts
     D:5: 604 daAuts
 Ossuary: 585 daAuts
   Sewer: 574 daAuts
     D:9: 163 daAuts
  Temple: 48 daAuts
